 Dungeon Crawl Stone Soup version 0.26.1-2-gb8aa6d0 (webtiles) character file.

Game seed: 13682938628041954349

101 Minkie the Digger (level 4, 0/24 HPs)
             Began as a Gargoyle Earth Elementalist on Apr 1, 2021.
             Slain by a white imp (1 damage)
             ... summoned by Natasha
             ... on level 2 of the Dungeon.
             The game lasted 00:11:13 (1759 turns).

Minkie the Digger (Gargoyle Earth Elementalist)     Turns: 1759, Time: 00:11:13

Health: 0/24       AC:  6    Str: 11    XL:     4   Next: 75%
Magic:  8/8        EV: 12    Int: 17    God:
Gold:   85         SH:  0    Dex: 10    Spells: 2/8 levels left

rFire    x . .     SeeInvis .   l - +2 dagger (speed)
rCold    + . .     Faith    .   (no shield)
rNeg     + . .     Spirit   .   c - +0 robe
rPois    ∞         Reflect  .   a - +0 helmet
rElec    +         Harm     .   (no cloak)
rCorr    .         Rampage  .   (no gloves)
Will     .....     Rnd*Tele +   (no boots)
Stlth    ++........             (no amulet)
HPRegen  0.08/turn              g - ring of ice
MPRegen  0.11/turn              p - ring of teleportation (curse)

@: no status effects
A: negative energy resistance 1, electricity resistance, unbreathing,
petrification resistance, miasma immunity, AC +3
a: no special abilities


You were on level 2 of the Dungeon.
You visited 1 branch of the dungeon, and saw 2 of its levels.

You collected 85 gold pieces.

Inventory:

Hand Weapons
 l - a +2 dagger of speed (weapon)
Armour
 a - a +0 helmet (worn)
 c - a +0 robe (worn)
Jewellery
 g - a ring of ice (left hand)
 i - a +6 ring of strength
 p - a cursed ring of teleportation (right hand)
Scrolls
 d - a scroll of identify
Potions
 e - 2 potions of attraction {unknown}
 h - a potion of invisibility {unknown}
 j - a potion of curing {unknown}
 k - a potion of lignification {unknown}
 m - a potion of heal wounds


   Skills:
 - Level 1.5 Dodging
 - Level 2.3 Stealth
 + Level 2.8 Spellcasting
 + Level 1.9 Transmutations
 + Level 4.9 Earth Magic


You had 2 spell levels left.
You knew the following spells:

 Your Spells              Type           Power        Failure   Level
a - Sandblast             Erth           38%          2%          1
b - Passwall              Tmut/Erth      11%          6%          2
c - Stone Arrow           Conj/Erth      20%          19%         3

Your spell library contained the following spells:

 Spells                   Type           Power        Failure   Level
 Petrify                  Tmut/Erth      14%          38%         4
 Lee's Rapid Deconstruct  Erth           9%           54%         5


Dungeon Overview and Level Annotations

Branches:
Dungeon (2/15)

Altars:

Annotations:
D:2 Natasha, Terence


Innate Abilities, Weirdness & Mutations

You are resistant to torment.
Your stone body is resilient. (AC +3)
You are immune to poison.
You resist negative energy. (rN+)
You are resistant to electric shocks. (rElec)
You can survive without breathing.
You are immune to petrification.
You are immune to miasma.


Message History

Natasha is severely wounded.
The white imp gestures at you. The puff of frost hits you. You resist.
* * * LOW HITPOINT WARNING * * *
You hit Natasha.
Natasha is severely wounded.
Natasha claws you.
* * * LOW HITPOINT WARNING * * *
The white imp hits you but does no damage.
You hit Natasha but do no damage.
Natasha is severely wounded.
Natasha casts a spell at you. You resist with some effort.
The crimson imp blinks!
The crimson imp disappears in a puff of smoke!
Natasha mewls in sadness.
The white imp hits you.
* * * LOW HITPOINT WARNING * * *
The white imp freezes you. You resist.
You die...

#.# #.# ########## #.#
#........# #.#
#........# #####.#
#........# #.....#
######........####.#####
.....'.....§......>..#
######....>..!##@..#.#
#........h5...#.#
#.........#.#.#.#
#.........#†..#.# ######
#########.#####.###....#
#...........##.#
.......#####.######.##
.......# #.........#
..<....# ###########


You could see Natasha and a white imp (summoned).

Vanquished Creatures
  Natasha (D:2)
  Robin (D:2)
  An adder (D:2)
  An ooze (D:1)
  2 worms (D:2)
  2 leopard geckos
  3 bats
  A giant cockroach (D:1)
  14 goblins
  5 hobgoblins
  2 jackals (D:1)
  A ball python (D:2)
  5 frilled lizards
  2 kobolds (D:2)
  4 rats
45 creatures vanquished.

Notes
Turn   | Place    | Note
-------+----------+-------------------------------------------
     0 | D:1      | Minkie the Gargoyle Earth Elementalist began the quest for
                  | the Orb.
     0 | D:1      | Reached XP level 1. HP: 10/10 MP: 3/3
   210 | D:1      | Reached skill level 4 in Earth Magic
   236 | D:1      | Reached XP level 2. HP: 15/15 MP: 1/5
   239 | D:1      | Learned a level 2 spell: Passwall
   348 | D:1      | Reached skill level 1 in Transmutations
  1056 | D:2      | Noticed Robin
  1065 | D:2      | Reached XP level 3. HP: 19/19 MP: 2/6
  1258 | D:2      | Killed Robin
  1419 | D:2      | Reached XP level 4. HP: 24/24 MP: 5/7
  1462 | D:2      | Noticed Terence
  1484 | D:2      | Noticed Natasha
  1490 | D:2      | Killed Natasha
  1536 | D:1      | Learned a level 3 spell: Stone Arrow
  1665 | D:2      | Noticed Natasha
  1759 | D:2      | HP: 1/24 [white imp[Natasha] (3)]
  1759 | D:2      | Slain by a white imp

Illustrated notes

Levels and vault maps discovered:
D:1:      dpeg_arrival_rhombus, layout_basic, supply_closet_lemuel,
          patterned_corridor
D:2:      layout_basic, chequers_ecumenical_altar_lobes, chequers_arboretum,
          uniq_natasha, uniq_terence, uniq_robin

Skill      XL: |  1  2 |
---------------+-------+-----
Earth Magic    | 4 |  4.9
Transmutations | 1 |  1.9
Dodging        | |  1.5
Stealth        | |  2.3
Spellcasting   | |  2.8

Action                   |  1- 3 |  4- 6 || total
-------------------------+-------+-------++-------
Melee: Unarmed           |     1 |       ||     1
       Dagger            |       |    46 ||    46
 Cast: Sandblast         |    54 |     9 ||    63
  Use: Scroll            |       |     4 ||     4
 Stab: Sleeping          |       |     1 ||     1
Armor: Robe              |    16 |    11 ||    27
Dodge: Dodged            |    19 |    14 ||    33
